 Dungeon Crawl Stone Soup version 0.29-a0-551-gffc1d7fb78 (webtiles) character file.

Game seed: 9825257521957907863

414 vulpzor the Ruffian (level 6, -2/61 HPs)
             Began as a Troll Berserker on June 5, 2022.
             Was a Believer of Trog.
             Slain by a gnoll
             ... wielding a +0 halberd
             ... led by a gnoll sergeant
              (7 damage)
             ... on level 5 of the Dungeon.
             The game lasted 00:12:37 (1717 turns).

vulpzor the Ruffian (Troll Berserker)               Turns: 1717, Time: 00:12:38

Health: -2/61      AC:  7    Str: 28    XL:     6   Next: 60%
Magic:  5/5        EV: 15    Int:  3    God:    Trog [**....]
Gold:   141        SH:  0    Dex: 15    Spells: 5/5 levels left

rFire   . . .      SeeInvis +   j - +7 mace of the Chewing Madman {vorpal, rElec SInv}
rCold   . . .      Faith    .   (no shield)
rNeg    . . .      Spirit   .   a - +0 animal skin
rPois   .          Reflect  .   (helmet restricted)
rElec   +          Harm     .   l - +2 cloak
rCorr   .          Rampage  .   (gloves unavailable)
Will    .....                   (boots unavailable)
Stlth   ++........              f - amulet of regeneration
HPRegen 1.80/turn               b - +6 ring of dexterity
MPRegen 0.09/turn               o - +4 ring of evasion

@: no status effects
A: large, unfitting armour, claws 3, regeneration 1, shaggy fur 1, tough skin 1
a: Renounce Religion, Berserk, Trog's Hand


You were on level 5 of the Dungeon.
You worshipped Trog.
Trog was pleased with you.
You visited 1 branch of the dungeon, and saw 4 of its levels.

You collected 141 gold pieces.

Inventory:

Hand Weapons
 j - the +7 mace of the Chewing Madman (weapon) {vorpal, rElec SInv}
   (You found it on level 2 of the Dungeon)

   It inflicts extra damage upon your enemies.
   rElec:     It insulates you from electricity.
   SInv:      It lets you see invisible.
 k - a +2 quarterstaff of chaos
Missiles
 c - 2 poisoned darts (quivered)
Armour
 a - a +0 animal skin (worn)
 e - a +0 leather armour
 l - a +2 cloak (worn)
Magical Staves
 q - a staff of air
Jewellery
 b - a +6 ring of dexterity (left claw)
 d - a ring of protection from cold
 f - an amulet of regeneration (around neck)
 o - a +4 ring of evasion (right claw)
Scrolls
 n - a scroll of poison
 p - a scroll of magic mapping
 s - a scroll of vulnerability {unknown}
 t - a scroll of identify {unknown}
Potions
 g - 2 potions of lignification {unknown}
 h - a potion of heal wounds {unknown}
 i - a potion of resistance {unknown}
 m - a potion of degeneration {unknown}
 r - a potion of curing {unknown}


   Skills:
 + Level 3.1 Fighting
 * Level 3.7 Maces & Flails
 + Level 3.5 Dodging
 + Level 0.8 Stealth
 + Level 4.2 Unarmed Combat


You had 5 spell levels left.
You didn't know any spells.
Your spell library was empty.

Dungeon Overview and Level Annotations

Branches:
Dungeon (3/15)

Altars:
Nemelex Xobeh
Okawaru
Trog
Xom

Shops:
D:1 (


Innate Abilities, Weirdness & Mutations

You are too large for most types of armour.
You have claws for hands.
Your natural rate of healing is unusually fast.
You are covered in fur. (AC +1)
You have tough skin. (AC +1)


Message History

The gnoll sergeant hits you from afar with a +2 spear of freezing.
The gnoll sergeant freezes you. The gnoll closely misses you.
The gnoll barely misses you.
You hit the gnoll but do no damage.
The gnoll is severely wounded.
The gnoll sergeant completely misses you.
The gnoll hits you but does no damage. The gnoll barely misses you.
The gnoll hits you with a +0 club.
The gnoll hits you from afar with a +0 halberd.
The gnoll sergeant hits you from afar with a +2 spear of freezing!
The gnoll sergeant freezes you.
You sock the gnoll!
You kill the gnoll!
Trog accepts your kill. The gnoll barely misses you.
The gnoll sergeant closely misses you.
There is an iron altar of Okawaru here.
Unknown command.
Press < or > to pray at altars.
The gnoll sergeant hits you with a +2 spear of freezing.
The gnoll sergeant freezes you.
The gnoll hits you from afar with a +0 halberd!
* * * LOW HITPOINT WARNING * * *
There is an open door, spattered with blood here.
You hit the gnoll sergeant.
The gnoll sergeant is moderately wounded.
The gnoll sergeant hits you with a +2 spear of freezing.
* * * LOW HITPOINT WARNING * * *
The gnoll sergeant freezes you.
* * * LOW HITPOINT WARNING * * *
The gnoll hits you but does no damage.
You hit the gnoll sergeant.
The gnoll sergeant is moderately wounded.
The gnoll sergeant closely misses you.
The gnoll hits you from afar with a +0 halberd!
* * * LOW HITPOINT WARNING * * *
You hit the gnoll sergeant.
The gnoll sergeant is heavily wounded.
The gnoll sergeant barely misses you.
The gnoll hits you from afar with a +0 halberd!
You die...

####### ######
......#######....###
.......##.....≈≈.≈≈#
............##≈#'#≈#
............##≈#_#≈#
............##≈#@#≈#
............##≈≈g≈≈#
............#...g....#
.........)..#........#
........#####........#
.....#### #........#
..#### #........# ..#
#........# .##
.........#


You could see a gnoll sergeant and a gnoll.

Vanquished Creatures
  A black bear (D:5)
  An ice beast (D:5)
  A jelly (D:5)
  Crazy Yiuf (D:2)
  3 iguanas (D:5)
  4 gnolls (D:5)
  2 adders
  A white imp (D:5)
  A dart slug (D:3)
  2 orcs (D:5)
  2 ball pythons
  2 bats (D:2)
  4 endoplasms
  2 giant cockroaches
  4 goblins
  2 hobgoblins
  A quokka (D:1)
  2 frilled lizards
  7 kobolds
  A rat (D:2)
44 creatures vanquished.

Notes
Turn   | Place    | Note
-------+----------+-------------------------------------------
     0 | D:1      | vulpzor the Troll Berserker began the quest for the Orb.
     0 | D:1      | Reached XP level 1. HP: 22/22 MP: 0/0
   382 | D:1      | Found Cilont's Weapon Emporium.
   573 | D:1      | Reached XP level 2. HP: 29/29 MP: 1/1
   870 | D:2      | Found a shimmering altar of Xom.
   997 | D:2      | Found a runed translucent door.
   998 | D:2      | Noticed Crazy Yiuf
  1008 | D:2      | Killed Crazy Yiuf
  1009 | D:2      | Reached XP level 3. HP: 7/36 MP: 2/2
  1009 | D:2      | Identified the +7 mace of the Chewing Madman {vorpal, rElec
                  | SInv}
  1384 | D:3      | Reached XP level 4. HP: 44/44 MP: 3/3
  1458 | D:3      | You fall into a shaft and drop 2 floors!
  1458 | D:5      | Entered Level 5 of the Dungeon
  1494 | D:5      | Reached skill level 1 in Maces & Flails
  1494 | D:5      | Reached skill level 4 in Unarmed Combat
  1517 | D:5      | Found a sparkling altar of Nemelex Xobeh.
  1518 | D:5      | Noticed an ice beast
  1527 | D:5      | Killed an ice beast
  1528 | D:5      | Reached XP level 5. HP: 53/53 MP: 4/4
  1542 | D:5      | Found a bloodstained altar of Trog.
  1598 | D:5      | Noticed a black bear
  1617 | D:5      | Killed a black bear
  1618 | D:5      | Reached XP level 6. HP: 46/61 MP: 5/5
  1619 | D:5      | Reached ** piety under Trog
  1693 | D:5      | Found an iron altar of Okawaru.
  1716 | D:5      | HP: 3/61 [gnoll/+0 halberd[a gnoll sergeant] (14)]
  1717 | D:5      | Slain by a gnoll

Illustrated notes

Levels and vault maps discovered:
D:1:      mrwooster_arrival_statue_2, layout_basic, serial_shops,
          nicolae_shop_bloodbath_and_beyond, chequers_ecumenical_altar_lobes,
          bh_walls_and_bars
D:2:      layout_basic, basic_altar, hangedman_abyss_or_decor_stabs,
          minmay_misc_feat_square, uniq_crazy_yiuf_cottage
D:3:      layout_basic, nicolae_overflow_ecumenical_swirl
D:5:      layout_rooms, lemuel_crystal_altar, kennysheep_mini_moat,
          mainiacjoe_overflow_cross_hatched, nicolae_ossuary_entry_catacombs,
          uniq_blork_the_orc

Skill      XL: |  1  2  3  4  5 |
---------------+----------------+-----
Dodging        | 3 |  3.5
Maces & Flails | 2 3 |  3.7
Unarmed Combat | 4 |  4.2
Fighting       | 3 |  3.1
Stealth        | |  0.8

Action                   |  1- 3 |  4- 6 || total
-------------------------+-------+-------++-------
Melee: Unarmed           |    52 |       ||    52
       Punch             |     2 |     1 ||     3
       Mace              |    18 |    49 ||    67
  Use: Scroll            |     2 |     2 ||     4
       Potion            |       |     1 ||     1
 Stab: Sleeping          |     3 |       ||     3
       Invisible         |       |     4 ||     4
Armor: Animal skin       |    27 |    19 ||    46
Dodge: Dodged            |    43 |    66 ||   109

Table legend: (Time is in decaauts)
 A = Elapsed time spent in this place.
 B = Non-inter-level travel time spent in this place.
 C = Inter-level travel time spent in this place.
 D = Time resting spent in this place.
 E = Time spent auto-exploring this place.
 F = Levels seen in this place.
 G = Mean time per level.
                   A        B        C        D        E       F      G
               +--------+--------+--------+--------+--------+-----+--------+
         Total |   1731 |   1731 |      0 |    100 |    429 |   4 |  432.8 |
       Dungeon |   1731 |   1731 |      0 |    100 |    429 |   4 |  432.8 |
               +--------+--------+--------+--------+--------+-----+--------+

Top non-repeatable levels by time:
     D:1: 733 daAuts
     D:2: 602 daAuts
     D:5: 270 daAuts
     D:3: 124 daAuts
